 Seeded DCSS version 0.28-a0-1567-g1695149f81 (webtiles) character file.

Game seed: 3802 (custom seed)

1042 knot the Cleaver (level 8, 38/58 HPs)
             Began as a Demonspawn Berserker on Jan 20, 2022.
             Was a Believer of Trog.
             Quit the game on level 5 of the Dungeon.
             The game lasted 00:03:15 (5994 turns).

knot the Cleaver (Demonspawn Berserker)             Turns: 5994, Time: 00:03:16

Health: 38/58      AC:  4    Str: 18    XL:     8   Next: 4%
Magic:  17/17      EV: 12    Int: 11    God:    Trog [**....]
Gold:   249        SH:  4    Dex: 12    Spells: 7/7 levels left

rFire   . . .      SeeInvis .   a - +0 hand axe
rCold   . . .      Faith    .   (no shield)
rNeg    . . .      Spirit   .   b - +0 animal skin
rPois   .          Reflect  .   (no helmet)
rElec   .          Harm     .   k - +0 cloak
rCorr   .          Rampage  .   p - +0 pair of gloves
Will    .....                   (no boots)
Stlth   +.........              (no amulet)
HPRegen 0.19/turn               f - ring of magical power
MPRegen 0.15/turn               (no ring)

@: no status effects
A: hooves 1, condensation shield
a: Renounce Religion, Berserk, Trog's Hand


You were on level 5 of the Dungeon.
You worshipped Trog.
Trog was pleased with you.
You visited 1 branch of the dungeon, and saw 5 of its levels.

You collected 249 gold pieces.

Inventory:

Hand Weapons
 a - a +0 hand axe (weapon)
Missiles
 e - 192 stones (quivered)
 h - 123 sling bullets
 l - 17 arrows
 o - 2 atropa-tipped darts
 u - 2 poisoned darts
Armour
 b - a +0 animal skin (worn)
 k - a +0 cloak (worn)
 p - a +0 pair of gloves (worn)
Jewellery
 f - a ring of magical power (left hand)
Wands
 r - a wand of iceblast (11)
 s - a wand of acid (1)
Scrolls
 d - 3 scrolls of immolation {unknown}
 j - 2 scrolls of identify {unknown}
 n - 2 scrolls of noise {unknown}
 t - a scroll of enchant weapon {unknown}
 w - a scroll of silence {unknown}
Potions
 c - a potion of brilliance {unknown}
 g - 3 potions of curing
 i - 4 potions of flight {unknown}
 m - a potion of berserk rage {unknown}
 q - 5 potions of invisibility {unknown}
 v - a potion of heal wounds {unknown}


   Skills:
 - Level 3.0 Fighting
 + Level 9.1 Axes
 - Level 1.7 Armour
 - Level 1.7 Dodging


You had 7 spell levels left.
You didn't know any spells.
Your spell library was empty.

Dungeon Overview and Level Annotations

Branches:
Dungeon (5/15)             Temple (0/1) D:5

Altars:
Okawaru
Uskayaw
The Shining One


Innate Abilities, Weirdness & Mutations

You have large cloven feet.
A meltable shield of frost defends you. (SH +4)


Message History

The phantom hits you but does no damage.
A phantom is nearby!
You hit the phantom. Your kick misses the phantom.
Your punch misses the phantom.
The phantom is lightly damaged.
The phantom hits you.
You hit the phantom but do no damage.
The phantom is lightly damaged.
The phantom hits you but does no damage.
You slash the phantom! Your kick misses the phantom.
The phantom is moderately damaged.
The phantom hits you.
You slash the phantom!
The phantom is severely damaged.
You closely miss the phantom. Your kick misses the phantom.
The phantom is severely damaged.
The phantom closely misses you.
You completely miss the phantom. Your kick misses the phantom.
The phantom is severely damaged.
The phantom closely misses you.
You miss the phantom. You kick the phantom.
The phantom is severely damaged.
The phantom hits you.
The phantom blinks!
You blink.
You hit the phantom. Your kick misses the phantom.
The phantom is almost destroyed.
The phantom hits you.
The phantom blinks!
You blink.
You closely miss the phantom. You kick the phantom.
The phantom is almost destroyed.
The phantom hits you.
You closely miss the phantom.
The phantom is almost destroyed.
The phantom hits you but does no damage.
You hit the phantom.
You destroy the phantom!
Trog accepts your kill.
Your Axes skill increases to level 9!
You have reached level 8!
You feel stronger.
Your demonic ancestry asserts itself...
Frost condenses into a shield before you.
Are you sure you want to abandon this character and quit the game? (Confirm with "yes".)

.# ####.....# .# ###.### .#
#.# .# #.# .# #.# .# . #.#
## ....###.# ####
.......)###..... ##
########@...# .# #. ###)####
.# #. #......# .# ##.##
#.#.##.# .# #...# #.#.##.###
.# #...# ##.#......# .#
#...# #.........#
.####...#####.......#.# ..
............#.##.##.#.##....


There were no monsters in sight!

Vanquished Creatures
  Eustachio (D:4)
  2 ogres
  3 phantoms
  A bullfrog (D:4)
  A scorpion (D:4)
  Crazy Yiuf (D:2)
  An orc priest (D:5)
  A hound (D:4)
  An orc wizard (D:5)
  Natasha (thrice) (D:2)
  2 iguanas
  3 gnolls (D:4)
  4 adders
  An ufetubus (D:4)
  An adder skeleton (D:5)
  An adder zombie (D:5)
  2 dart slugs (D:1)
  4 orcs
  4 ball pythons
  4 bats
  6 endoplasms
  4 giant cockroaches
  6 goblins
  6 hobgoblins
  2 quokkas
  6 frilled lizards
  6 kobolds
  7 rats
84 creatures vanquished.

Vanquished Creatures (others)
  2 fungi (D:1)
  2 plants (D:1)
4 creatures vanquished.

Grand Total: 88 creatures vanquished

Notes
Turn   | Place    | Note
-------+----------+-------------------------------------------
     0 | D:1      | knot the Demonspawn Berserker began the quest for the Orb.
     0 | D:1      | Reached XP level 1. HP: 18/18 MP: 1/1
   192 | D:1      | Reached skill level 3 in Axes
   255 | D:1      | Found a faded altar of an unknown god.
   269 | D:1      | Gained mutation: You have large cloven feet. [demonic
                  | ancestry]
   269 | D:1      | Reached XP level 2. HP: 22/24 MP: 2/2
   783 | D:2      | Reached skill level 4 in Axes
   783 | D:2      | Reached XP level 3. HP: 29/29 MP: 3/3
   829 | D:2      | Noticed Natasha
   841 | D:2      | Killed Natasha
  1050 | D:2      | Noticed Natasha
  1058 | D:2      | Killed Natasha
  1059 | D:2      | Reached XP level 4. HP: 24/35 MP: 4/4
  1379 | D:2      | Noticed Natasha
  1388 | D:2      | Killed Natasha
  1389 | D:2      | Reached skill level 5 in Axes
  1452 | D:2      | Found a hide-covered altar of Uskayaw.
  1459 | D:2      | Reached ** piety under Trog
  1595 | D:2      | Found a runed translucent door.
  1596 | D:2      | Noticed Crazy Yiuf
  2141 | D:2      | Killed Crazy Yiuf
  2142 | D:2      | Reached XP level 5. HP: 41/41 MP: 5/5
  2502 | D:3      | Noticed a phantom
  2517 | D:3      | Killed a phantom
  2518 | D:3      | Reached skill level 6 in Axes
  3544 | D:4      | Reached XP level 6. HP: 45/47 MP: 6/6
  3705 | D:4      | Noticed Eustachio
  3721 | D:4      | Killed Eustachio
  3722 | D:4      | Reached skill level 7 in Axes
  3828 | D:4      | Reached XP level 7. HP: 20/52 MP: 7/7
  4401 | D:4      | Found an iron altar of Okawaru.
  4579 | D:4      | Reached skill level 8 in Axes
  5234 | D:5      | Entered Level 5 of the Dungeon
  5256 | D:5      | Found a staircase to the Ecumenical Temple.
  5994 | D:5      | Reached skill level 9 in Axes
  5994 | D:5      | Gained mutation: A meltable shield of frost defends you.
                  | (SH +4) [demonic ancestry]
  5994 | D:5      | Reached XP level 8. HP: 38/58 MP: 8/8
  5994 | D:5      | Quit the game

Illustrated notes

Levels and vault maps discovered:
D:1:      minmay_arrival_hallway, layout_rooms, shapermc_ecumenical_altar_ellora
D:2:      layout_basic, basic_altar, uniq_natasha, uniq_crazy_yiuf_cottage
D:3:      layout_loops_ring
D:4:      layout_basic, amethyst_overflow_temple_binary, uniq_eustachio
D:5:      layout_loops_cross, minmay_temple_entry_hall, serial_glass,
          glass_columns_a, glass_columns_a, glass_columns_b, glass_columns_a,
          glass_columns_b

Skill      XL: |  1  2  3  4  5  6  7 |
---------------+----------------------+-----
Axes           | 3 4 5 6 7 9 |  9.1
Fighting       | |  3.0
Armour         | |  1.7
Dodging        | |  1.7

Action                   |  1- 3 |  4- 6 |  7- 9 || total
-------------------------+-------+-------+-------++-------
Melee: Hand axe          |    73 |   144 |    82 ||   299
       Kick              |     8 |    36 |    22 ||    66
       Punch             |     1 |     1 |     2 ||     4
Invok: Berserk           |     3 |     4 |     5 ||    12
       Trog's Hand       |       |     1 |       ||     1
 Stab: Sleeping          |       |     1 |       ||     1
Armor: Animal skin       |     8 |    39 |    11 ||    58
Dodge: Dodged            |    59 |    97 |    25 ||   181

Table legend: (Time is in decaauts)
 A = Elapsed time spent in this place.
 B = Non-inter-level travel time spent in this place.
 C = Inter-level travel time spent in this place.
 D = Time resting spent in this place.
 E = Time spent auto-exploring this place.
 F = Levels seen in this place.
 G = Mean time per level.
                   A        B        C        D        E       F      G
               +--------+--------+--------+--------+--------+-----+--------+
         Total |   6139 |   6055 |     84 |   2391 |   3023 |   5 | 1227.8 |
       Dungeon |   6139 |   6055 |     84 |   2391 |   3023 |   5 | 1227.8 |
               +--------+--------+--------+--------+--------+-----+--------+

Top non-repeatable levels by time:
     D:2: 1878 daAuts
     D:4: 1809 daAuts
     D:3: 925 daAuts
     D:5: 769 daAuts
     D:1: 756 daAuts
